 Dungeon Crawl Stone Soup version 0.28-b1-25-g9875b3fc8c (webtiles) character file.

Game seed: 18194736537982883435

942 cayde69 the Fighter (level 8, 0/67 (74) HPs)
             Began as a Hill Orc Fighter on Feb 2, 2022.
             Was an Initiate of Ashenzari.
             Slain by a wight (2 damage)
             ... on level 5 of the Dungeon.
             The game lasted 00:16:10 (5710 turns).

cayde69 the Fighter (Hill Orc Fighter)              Turns: 5710, Time: 00:16:10

HP:   0/67 (74)     AC: 14    Str: 21    XL:     8   Next: 12%
MP:   8/8           EV:  6    Int:  8    God:    Ashenzari [......]
Gold: 112           SH:  0    Dex: 10    Spells: 7/7 levels left

rFire   . . .      SeeInvis .   B - +0 halberd (vorpal)
rCold   . . .      Faith    .   (shield currently unavailable)
rNeg    . . .      Spirit   .   s - +0 plate armour of Toth-Mos's Legacy {Evo, Elem} (curse)
rPois   .          Reflect  .   v - +2 helmet
rElec   .          Harm     .   (no cloak)
rCorr   .          Rampage  .   (no gloves)
Will    +....                   (no boots)
Stlth   ..........              (no amulet)
HPRegen 0.21/turn               n - ring of willpower
MPRegen 0.11/turn               (no ring)

@: drained
A: no striking features
a: Renounce Religion, Shatter the Chains


You were on level 5 of the Dungeon.
You worshipped Ashenzari.
Ashenzari was noncommittal.
You visited 1 branch of the dungeon, and saw 5 of its levels.

You collected 112 gold pieces.

Inventory:

Hand Weapons
 d - a +0 flail of holy wrath
 q - a +1 dagger of venom
 t - a +2 dagger of venom
 u - a +0 falchion
 x - a +1 dagger of venom
 y - a -1 mace
 B - a +0 vorpal halberd (weapon)
 D - a +0 spear
Armour
 b - a +0 scale mail
 c - a +0 buckler
 s - the cursed +0 plate armour of Toth-Mos's Legacy (worn) {Evo, Elem}
   (You found it on level 4 of the Dungeon)

   It has a curse which improves the following skills: Evocations: Evocations.
   Elements:  Fire Magic, Ice Magic, Air Magic and Earth Magic.
 v - a +2 helmet (worn)
Magical Staves
 o - a staff of cold
Jewellery
 n - a ring of willpower (left hand)
Wands
 i - a wand of charming (11)
 l - a wand of flame (3)
Scrolls
 f - 2 scrolls of noise {unknown}
 g - 2 scrolls of identify
 h - a scroll of teleportation {unknown}
 r - a scroll of summoning {unknown}
 w - a scroll of blinking {unknown}
 z - a scroll of enchant weapon {unknown}
 C - a scroll of torment {unknown}
Potions
 a - 2 potions of haste {unknown}
 e - a potion of heal wounds {unknown}
 j - 4 potions of curing
 k - 2 potions of berserk rage {unknown}
 m - a potion of cancellation {unknown}
 p - a potion of degeneration {unknown}
 A - a potion of flight {unknown}


   Skills:
 + Level 8.1 Fighting
 + Level 4.0 Short Blades
 - Level 2.6(3.5) Axes
 + Level 2.7(3.1) Polearms
 - Level 3.2 Armour
 + Level 2.9 Dodging
 + Level 1.3 Stealth
 - Level 3.2 Shields
 + Level 0.4(0.6) Evocations


You had 7 spell levels left.
You didn't know any spells.
Your spell library contained the following spells:

 Spells                   Type           Power      Damage    Failure   Level
 Ignite Poison            Fire/Tmut/Pois 0%         N/A       100%        3
 Mephitic Cloud           Conj/Pois/Air  0%         N/A       100%        3
 Freezing Cloud           Conj/Ice/Air   0%         6-21      100%        5


Dungeon Overview and Level Annotations

Branches:
Dungeon (5/15)
 Temple: D:4-7

Altars:
Ashenzari

Shops:
D:1 (   D:3 ?


Message History

You are too injured to fight recklessly!
You are too injured to fight recklessly!
You are too injured to fight recklessly!
You are too injured to fight recklessly!
You are too injured to fight recklessly!
You are too injured to fight recklessly!
You barely miss the orc. The orc hits you but does no damage.
You slash the orc!
You kill the orc!
You closely miss the wight.
The wight hits you with a +0 long sword!
You feel drained.
The wight hits you with a +2 flail of freezing.
The wight freezes you.
You puncture the wight!
The wight is heavily damaged.
The wight hits you from afar with a +4 halberd!
* * * LOW HITPOINT WARNING * * *
The wight hits you with a +0 long sword.
* * * LOW HITPOINT WARNING * * *
You feel drained.
* * * LOW HITPOINT WARNING * * *
The wight barely misses you.
You slash the wight!
You destroy the wight!
The wight hits you from afar with a +4 halberd.
* * * LOW HITPOINT WARNING * * *
You feel drained.
* * * LOW HITPOINT WARNING * * *
The wight closely misses you. The wight barely misses you.
You closely miss the wight. The wight barely misses you. x3
The wight hits you with a +0 long sword.
* * * LOW HITPOINT WARNING * * *
You feel drained.
* * * LOW HITPOINT WARNING * * *
You slash the wight!
The wight is severely damaged.
The wight barely misses you.
The wight hits you from afar with a +4 halberd.
You die...

#+##+##.............#.
.......<............#.
....................##
............).........
......................
...##+#####...........
...#......#...........
.. #......'...........
#z@....#.....######
#z###..#.....#.....
#...z.z#..#.....#...(.
+......#..#.....#.....
#......#..#.....#..##.
#......###......#..###
.......##.......#.....
........##.......#.....
.........##.......#..###


You could see 3 wights.

Vanquished Creatures
  A phantom (D:4)
  A scorpion (D:4)
  A water moccasin zombie (D:5)
  3 water moccasin skeletons
  2 vampire bats (D:4)
  2 wights (D:5)
  A bullfrog zombie (D:5)
  2 bullfrog skeletons
  A hound (D:4)
  A jelly (D:5)
  2 iguanas
  A hound zombie (D:5)
  Robin (D:4)
  A howler monkey zombie (D:5)
  5 adders
  6 gnolls
  An adder zombie (D:5)
  2 worms
  2 dart slugs (D:1)
  5 orcs
  2 ball pythons
  16 bats
  9 endoplasms
  2 giant cockroaches
  16 goblins
  4 hobgoblins
  7 jackals
  6 kobolds
  A quokka (D:1)
  2 frilled lizards
  3 rats
109 creatures vanquished.

Vanquished Creatures (others)
  6 fungi (D:4)
  A plant (D:4)
  A withered plant (D:5)
8 creatures vanquished.

Grand Total: 117 creatures vanquished

Notes
Turn   | Place    | Note
-------+----------+-------------------------------------------
     0 | D:1      | cayde69 the Hill Orc Fighter began the quest for the Orb.
     0 | D:1      | Reached XP level 1. HP: 19/19 MP: 1/1
     9 | D:1      | Reached skill level 4 in Fighting
   112 | D:1      | Reached XP level 2. HP: 24/27 MP: 2/2
   219 | D:1      | Found Waggoe Xuty's Antique Weapon Shoppe.
   262 | D:1      | Reached XP level 3. HP: 35/35 MP: 3/3
   285 | D:1      | Found a faded altar of an unknown god.
   305 | D:1      | Reached skill level 5 in Fighting
   311 | D:1      | Prayed at the altar of an unknown god.
   311 | D:1      | Became a worshipper of Ashenzari the Shackled
  1676 | D:3      | Reached skill level 1 in Dodging
  2004 | D:3      | Reached XP level 4. HP: 42/42 MP: 4/4
  2505 | D:3      | Found Nosir's Magic Scroll Boutique.
  3325 | D:4      | Reached skill level 6 in Fighting
  3510 | D:4      | Reached XP level 5. HP: 27/50 MP: 5/5
  3678 | D:4      | Reached skill level 1 in Short Blades
  3836 | D:4      | Reached XP level 6. HP: 58/58 MP: 6/6
  3933 | D:4      | Noticed Robin
  3967 | D:4      | Killed Robin
  3985 | D:4      | Reached skill level 7 in Fighting
  3985 | D:4      | Reached skill level 1 in Stealth
  4323 | D:4      | Reached XP level 7. HP: 63/66 MP: 7/7
  4657 | D:5      | Entered Level 5 of the Dungeon
  5483 | D:5      | Reached skill level 1 in Polearms
  5560 | D:5      | Reached XP level 8. HP: 54/74 MP: 8/8
  5701 | D:5      | Reached skill level 8 in Fighting
  5709 | D:5      | HP: 3/68 [wight (2)]
  5710 | D:5      | Slain by a wight

Illustrated notes

Levels and vault maps discovered:
D:1:      minmay_arrival_radiant_lines, layout_rooms, serial_shops, shop,
          hellmonk_ecumenical_altar_zigzags
D:2:      layout_basic, feat_on_display
D:3:      layout_basic, serial_shops, shop
D:4:      old_forge, layout_basic, roderic_batcave, uniq_robin
D:5:      layout_gridville, serial_undead, serial_undead_d, serial_undead_c,
          serial_undead_e, serial_undead_e, serial_undead_a, serial_undead_a,
          small_statue_intersection

Skill      XL: |  1  2  3  4  5  6  7  8 |
---------------+-------------------------+-----
Fighting       | 4 5 6 7 8 |  8.1
Dodging        | 1 2 |  2.9
Short Blades   | 1 2 4 |  4.0
Stealth        | 1 |  1.3
Polearms       | 1 2 |  2.7
Axes           | |  2.6
Armour         | |  3.2
Shields        | |  3.2
Evocations     | |  0.4

Action                   |  1- 3 |  4- 6 |  7- 9 || total
-------------------------+-------+-------+-------++-------
Melee: War axe           |   102 |    21 |       ||   123
       Dagger            |       |   110 |    79 ||   189
       Halberd           |       |       |    83 ||    83
Invok: Curse Item        |     1 |       |     1 ||     2
       Shatter the Chain |       |     1 |       ||     1
Evoke: Wand              |       |     2 |     2 ||     4
  Use: Potion            |       |     1 |     1 ||     2
       Scroll            |       |       |     1 ||     1
Armor: Scale mail        |    55 |    30 |       ||    85
       Plate armour      |       |    35 |   191 ||   226
Dodge: Dodged            |    47 |    43 |    85 ||   175
Block: Buckler           |    29 |    27 |    30 ||    86
